 Dungeon Crawl Stone Soup version 0.30.0-16-gbe6223bb7e (webtiles) character file.

Game seed: 4631118467443457597

266 hito the Trooper (level 6, -6/58 HPs)
             Began as a Draconian Delver on May 20, 2023.
             Splashed by a jelly's acid (8 damage)
             ... on level 5 of the Dungeon.
             The game lasted 00:08:15 (3437 turns).

hito the Trooper (Draconian Delver)                 Turns: 3437, Time: 00:08:15

Health: -6/58      AC: -14   Str: 15    XL:     6   Next: 0%
Magic:  6/6        EV: 13    Int: 10    God:
Gold:   183        SH:  0    Dex: 14    Spells: 5/5 levels left

rFire   + . .        a - +0 falchion
rCold   + . .        (no shield)
rNeg    . . .        (body armour unavailable)
rPois   .            (helmet restricted)
rElec   .            q - scarf {rC+ rF+}
rCorr   .            (no gloves)
SInv    .            (no boots)
Will    .....        (no amulet)
Stlth   +++          (no ring)
HPRegen 0.29/turn    (no ring)
MPRegen 0.10/turn

%: no passive effects
@: corroded
A: AC +6, unfitting armour, cold-blooded
a: no special abilities


You were on level 5 of the Dungeon.
You visited 1 branch of the dungeon, and saw 5 of its levels.

You collected 183 gold pieces.

Inventory:

Hand Weapons
 a - a +0 falchion (weapon)
Missiles
 h - 2 boomerangs
 i - 13 stones
 j - 9 poisoned darts (quivered)
Armour
 q - a scarf of resistance (worn)
Jewellery
 n - a ring of protection from cold
Wands
 f - a wand of digging (3)
Scrolls
 b - 2 scrolls of fog
 c - 3 scrolls of poison {unknown}
 d - 2 scrolls of fear
 g - 4 scrolls of teleportation {unknown}
 m - 2 scrolls of immolation {unknown}
 r - a scroll of summoning {unknown}
 s - a scroll of enchant weapon {unknown}
Potions
 e - 5 potions of haste
 k - a potion of brilliance {unknown}
 l - 3 potions of flight
 o - a potion of curing
 p - 2 potions of might
 t - a potion of attraction {unknown}
 u - a potion of magic
 v - a potion of invisibility


   Skills:
 + Level 6.4 Fighting
 - Level 2.0 Long Blades
 - Level 3.0 Dodging
 - Level 5.0 Stealth


You had 5 spell levels left.
You didn't know any spells.
Your spell library contained the following spells:

 Spells                   Type           Power      Damage    Failure   Level
 Inner Flame              Hex/Fire       0%         N/A       75%         3
 Yara's Violent Unravell  Hex/Tmut       0%         3d3       100%        5
 Enfeeble                 Hex            0%         N/A       100%        7


Dungeon Overview and Level Annotations

Branches:
Dungeon (5/15)
 Temple: D:4-7

Altars:

Shops:
D:1 [:?   D:2 !   D:3 =

Annotations:
D:3 1 runed translucent door, exclusion: downstairs, Loveship's ghost, amateur DsCj
D:4 Dowan; Duvessa


Innate Abilities, Weirdness & Mutations

Your plain brown scales are hard. (AC +6)
You cannot fit into any form of body armour.
You are cold-blooded and may be slowed by cold attacks.


Message History

You hit the jelly. The acid corrodes you!
Your hands burn!
Your tail-slap misses the jelly.
The jelly is lightly wounded.
The jelly hits you but does no damage.
You hit the jelly but do no damage. The acid corrodes you!
Your hands burn!
The jelly is lightly wounded.
The jelly barely misses you.
You hit the jelly.
Your hands burn!
You tail-slap the jelly.
The jelly is heavily wounded.
The jelly hits you. The acid corrodes you!
You are splashed with acid!
You hit the jelly but do no damage.
Your hands burn!
The jelly is heavily wounded.
The jelly closely misses you. x2
You hit the jelly but do no damage.
Your hands burn!
The jelly is heavily wounded.
The jelly misses you.
You hit the jelly. The acid corrodes you!
Your hands burn!
The jelly is almost dead.
The jelly hits you. The acid corrodes you!
You are splashed with acid!
* * * LOW HITPOINT WARNING * * *
You hit the jelly but do no damage. The acid corrodes you!
Your hands burn!
* * * LOW HITPOINT WARNING * * *
You tail-slap the jelly, but do no damage.
The jelly is almost dead.
The jelly closely misses you.
You hit the jelly but do no damage.
Your hands burn!
* * * LOW HITPOINT WARNING * * *
The jelly is almost dead.
The jelly closely misses you.
You hit the jelly but do no damage.
Your hands burn!
* * * LOW HITPOINT WARNING * * *
The jelly is almost dead.
The jelly hits you.
* * * LOW HITPOINT WARNING * * *
The acid corrodes you!
You are splashed with acid.
* * * LOW HITPOINT WARNING * * *
The jelly hits you.
* * * LOW HITPOINT WARNING * * *
The acid corrodes you!
You are splashed with acid!
You die...

#.##.#.#.##.#
##
#.###......#
.######.#
##...##[#
......#.#
###.#
.####.#.# #.#
.########
#.## .....#
#..### .#####
#..?.# .###
#..@.# ...###
#..J..#
.#.#.#
##.?..#
.....# #....#
>....# ###..#
.....# #.#
.....# .#
.....# .#
.....#


You could see a jelly.

Vanquished Creatures
  A scorpion (D:4)
  An orc priest (D:3)
  A sleepcap (D:5)
  6 gnolls (D:2)
  2 adders (D:2)
  An ufetubus (D:4)
  3 worms (D:2)
  2 dart slugs
  3 orcs
  4 endoplasms
  A giant cockroach (D:3)
  4 goblins
  7 hobgoblins
  3 jackals (D:3)
  4 kobolds
  2 quokkas (D:1)
  4 ball pythons
  3 bats (D:2)
  4 frilled lizards
  8 rats
64 creatures vanquished.

Notes
Turn   | Place    | Note
-------+----------+-------------------------------------------
     0 | D:5      | hito the Draconian Delver began the quest for the Orb.
     0 | D:5      | Reached XP level 1. HP: 19/19 MP: 1/1
    32 | D:4      | Noticed an iguana
   225 | D:2      | Reached XP level 2. HP: 26/26 MP: 2/2
   305 | D:2      | Found a faded altar of an unknown god.
   375 | D:1      | Found Ujamnoqo's Armour Shop.
   568 | D:1      | Reached XP level 3. HP: 32/33 MP: 3/3
   608 | D:1      | Found Mir Quq's Magic Scroll Shop.
   642 | D:1      | Found Feng's Book Shop.
   644 | D:1      | Noticed a walking earthen tome
   645 | D:1      | Noticed a walking crystal tome
  1339 | D:2      | Reached skill level 4 in Fighting
  1339 | D:2      | Reached skill level 5 in Stealth
  1395 | D:2      | Reached XP level 4. HP: 26/40 MP: 4/4
  1889 | D:2      | Found Ysempiwn's Distillery.
  2159 | D:3      | Reached skill level 5 in Fighting
  2195 | D:3      | Reached XP level 5. HP: 37/48 MP: 5/5
  2285 | D:3      | Found a runed translucent door.
  2291 | D:3      | Noticed Loveship's ghost (amateur DsCj)
  2483 | D:3      | Found Exiefan's Jewellery Emporium.
  2975 | D:4      | Reached skill level 6 in Fighting
  3145 | D:4      | Noticed Duvessa
  3147 | D:4      | Noticed Dowan
  3282 | D:5      | Reached XP level 6. HP: 48/58 MP: 6/6
  3327 | D:5      | Identified the +0 scale mail of Tartarus {Int+2 Dex+3}
  3410 | D:5      | Identified the +0 robe "Conwoiqao" {Int+2 Dex+2}
  3437 | D:5      | HP: 2/58 [jelly (3)]
  3437 | D:5      | Splashed by a jelly's acid

Illustrated notes

Levels and vault maps discovered:
D:1:      scummos_arrival_simple_fountains, layout_basic, serial_shops,
          nicolae_shop_mannequins, shop, nicolae_shop_just_a_little_nook,
          serial_bayou_pond_c
D:2:      layout_rooms, serial_forest, infiniplex_forest_end_3,
          infiniplex_forest_lined_3, infiniplex_forest_clump_small,
          infiniplex_forest_corner_1, infiniplex_forest_straight_2,
          infiniplex_forest_pool, shapermc_ecumenical_altar_hornbeckon,
          serial_shops, nicolae_shop_industrial_runoff, minmay_fountain_box,
          grunt_ministairs_15, kennysheep_generic_room_10
D:3:      layout_loops_ring, ebering_ghost_reflecting_pool, serial_shops,
          nicolae_shop_behind_doors
D:4:      layout_basic, ebering_ghost_sewer_d, uniq_natasha, uniq_duvessa
D:5:      minmay_opposing_rooms, layout_loops_ring,
          nicolae_wu_jian_immortal_techniques, mainiacjoe_overflow_alcove_1,
          minmay_temple_entry_enclosed_plants, uniq_grinder, uniq_sigmund,
          uniq_eustachio

Skill      XL: |  1  2  3  4  5 |
---------------+----------------+-----
Dodging        | 2 3 |  3.0
Fighting       | 4 5 6 |  6.4
Stealth        | 5 |  5.0
Long Blades    | |  2.0

Action                     |  1- 3 |  4- 6 || total
---------------------------+-------+-------++-------
  Melee: Falchion          |   110 |   139 ||   249
         Tailslap          |    11 |    23 ||    34
         Punch             |     1 |     2 ||     3
  Throw: Dart              |       |     6 ||     6
    Use: Scroll            |     4 |     2 ||     6
   Stab: Sleeping          |     9 |    10 ||    19
 Armour: Skin              |    31 |    43 ||    74
  Dodge: Dodged            |    51 |   117 ||   168
